 Dungeon Crawl Stone Soup version 0.20-a0-214-gb74cb0e (webtiles) character file.

9674 feito the Thaumaturge (level 11, -4/47 HPs)
             Began as a Spriggan Venom Mage on Nov 27, 2016.
             Was a Priest of Vehumet.
             Slain by a spiny frog (19 damage)
             ... on level 1 of the Lair of Beasts.
             The game lasted 01:40:35 (15408 turns).

feito the Thaumaturge (Spriggan Venom Mage)        Turns: 15408, Time: 01:40:36

Health: -4/47      AC:  3    Str:  5 (6)  XL:     11   Next: 26%
Magic:  1/27       EV: 24    Int: 18 (20) God:    Vehumet [***...]
Gold:   574        SH:  0    Dex: 14 (17) Spells: 11/33 levels left

rFire  + . .     SeeInvis +     X - staff of poison
rCold  . . .     Gourm    .     y - +0 robe
rNeg   . . .     Faith    .     (shield currently unavailable)
rPois  +         Spirit   .     (helmet restricted)
rElec  .         Reflect  .     Y - +0 cloak {rF+}
rCorr  .         Harm     .     (gloves unavailable)
MR     ++...     Rnd*Rage +     (boots unavailable)
Stlth  ++++......               (no amulet)
                                (no ring)
                                l - ring of protection from magic

@: very quick
A: unfitting armour, talons 1, see invisible, berserk 1, herbivore 3, speed 3,
slow metabolism 2, strong 1
a: Renounce Religion


You were on level 1 of the Lair of Beasts.
You worshipped Vehumet.
Vehumet was most pleased with you.
You were not hungry.

You visited 3 branches of the dungeon, and saw 11 of its levels.
You also visited: Volcano.

You collected 574 gold pieces.

Inventory:

Hand Weapons
 a - a +0 rapier
 b - a +4 mace
 s - a +0 short sword
 W - a +0 demon whip of flaming
Missiles
 g - 4 throwing nets (quivered)
 S - 6 tomahawks
Armour
 y - a +0 robe (worn)
 Y - a +0 cloak of fire resistance (worn)
Magical Staves
 B - an uncursed staff of air
 X - an uncursed staff of poison (weapon)
Jewellery
 l - a ring of protection from magic (left hand)
Wands
 H - a wand of digging (8/24)
 I - a wand of disintegration (10/24)
 Q - a wand of slowing (18/48)
 T - a wand of disintegration (10/24)
 U - a wand of paralysis (5/24)
 V - a wand of lightning (6/15)
Scrolls
 f - 8 scrolls of identify
 h - 4 scrolls of remove curse
 i - 3 scrolls of recharging
 t - 6 scrolls of teleportation
 x - a scroll of fog
 z - 3 scrolls of enchant weapon {unknown}
 A - 2 scrolls of fear {unknown}
 E - 2 scrolls of amnesia {unknown}
 J - a scroll of immolation {unknown}
 K - a scroll of torment {unknown}
 O - a scroll of silence {unknown}
 P - a scroll of blinking {unknown}
Potions
 d - 2 potions of agility
 j - a potion of cure mutation
 k - a potion of cancellation
 m - 6 potions of brilliance
 n - a potion of degeneration
 o - 4 potions of curing
 q - 2 potions of resistance
 r - a potion of magic
 C - 2 potions of heal wounds
 G - a potion of flight
 M - a potion of berserk rage
Books
 u - a Young Poisoner's Handbook

   Spells                             Type                      Level
   a - Sting                          Conjuration/Poison           1
   b - Mephitic Cloud                 Conjuration/Poison/Air       3
   c - Olgreb's Toxic Radiance        Poison                       4
   d - Alistair's Intoxication        Transmutation/Poison         5
   e - Venom Bolt                     Conjuration/Poison           5
 F - a book of Misfortune

   Spells                             Type                      Level
   a - Confusing Touch                Hexes                        1
   b - Confuse                        Hexes                        3
   c - Gell's Gravitas                Hexes/Translocation          3
   d - Petrify                        Transmutation/Earth          4
   e - Metabolic Englaciation         Hexes/Ice                    5
   f - Yara's Violent Unravelling     Hexes/Transmutation          5
Comestibles
 c - 4 bread rations


   Skills:
 + Level 10.1 Dodging
 + Level 10.4 Stealth
 * Level 11.5 Spellcasting
 + Level 4.8 Conjurations
 * Level 10.5 Poison Magic


You had 11 spell levels left.
You knew the following spells:

 Your Spells              Type           Power        Failure   Level  Hunger
a - Sting                 Conj/Pois      ####         1%          1    None
b - Mephitic Cloud        Conj/Pois/Air  #####...     1%          3    None
c - Olgreb's Toxic Radia  Pois           ######..     1%          4    ##.....
d - Confuse               Hex            ##......     24%         3    None
e - Sandblast             Erth           ##....       2%          1    None
f - Searing Ray           Conj           ####..       1%          2    None
g - Venom Bolt            Conj/Pois      ######....   2%          5    ####...
h - Ignite Poison         Fire/Tmut/Pois ####....     1%          3    None


Dungeon Overview and Level Annotations

Branches:
Dungeon (9/15)             Temple (1/1) D:6            Lair (1/6) D:9
    Orc (0/2) D:9

Altars:
Cheibriados
Dithmenos
Fedhas
Hepliaklqana
Kikubaaqudgha
Nemelex Xobeh
Qazlal
Ru
Sif Muna
Trog
Uskayaw
Vehumet
Xom
Yredelemnul
Zin

Shops:
D:7 **!


Innate Abilities, Weirdness & Mutations

You are very small and have problems with some larger weapons.
You are too small for most types of armour.
You have supernaturally acute eyesight. (SInv)
You are a herbivore.
You cover ground extremely quickly.
You need consume almost no food.
You have sharp toenails.
You tend to lose your temper in combat.
Your muscles are strong. (Str +2)


Message History

Aiming: Searing Ray
Press: ? - help, Shift-Dir - straight line, f/p - spiny frog
Aim: a spiny frog (almost dead)
The searing ray misses the spiny frog.
The spiny frog stings you!
Casting: Searing Ray
Confirm with . or Enter, or press ? or * to list all spells.
Aiming: Searing Ray
Press: ? - help, Shift-Dir - straight line, f/p - spiny frog
Aim: a spiny frog (almost dead)
The searing ray hits the spiny frog.
The spiny frog is almost dead.
The spiny frog barely misses you.
Casting: Searing Ray
Confirm with . or Enter, or press ? or * to list all spells.
You don't have enough magic to cast that spell.
Casting: Searing Ray
Confirm with . or Enter, or press ? or * to list all spells.
You don't have enough magic to cast that spell.
The spiny frog stings you!!
You die...

#.....#.......# P..
#..##...).....# #..
####..##.##.....# #.#
###....[..###..#.## #.#
.....####..##.##.## #F#
..#..#..##..#.##..# #.#
.##.##...#.##.##.#######.####.P
###..##.##.##.##.#..............
##.......##.#.@#§##.##.###..##
##.####.##.#..F.......# # ###
#.##.####..###### #†#..## #.##
#.#...# #.# #.....#####
#..÷..##.### #..........## ###
#...........#


You could see a spiny frog.

Vanquished Creatures
  Erolcha (D:9)
  A centaur warrior (Volcano)
  A hell knight (Volcano)
  Joseph (D:8)
  Maurice (D:8)
  2 yaktaurs (Volcano)
  2 two-headed ogres
  A hippogriff (D:8)
  A basilisk (D:8)
  Edmund (D:4)
  3 water moccasins
  2 porcupines (D:9)
  2 orc warriors
  A phantom (D:8)
  A sky beast (D:8)
  2 eyes of draining
  An ice beast (D:8)
  5 black bears
  A necrophage (D:8)
  4 ogres
  5 wolves
  6 centaurs
  4 crocodiles
  8 bullfrogs
  A gnoll sergeant (D:9)
  A wyvern skeleton (D:9)
  2 scorpions
  8 killer bees
  3 wights (D:6)
  A howler monkey (D:7)
  A centaur zombie (D:8)
  4 crimson imps
  A quasit (D:6)
  2 bullfrog zombies (D:9)
  A bullfrog skeleton (D:7)
  3 hounds
  3 orc priests
  A jelly (D:9)
  2 iguanas (D:9)
  8 worker ants
  Terence (D:3)
  3 orc wizards (D:7)
  A killer bee zombie (D:7)
  2 hound skeletons
  A hound zombie (D:9)
  A howler monkey zombie (D:7)
  2 worker ant zombies
  12 adders
  12 gnolls
  A howler monkey skeleton (D:5)
  2 shadow imps
  3 oozes
  An adder zombie (D:7)
  3 adder skeletons
  7 worms
  2 dart slugs
  5 leopard geckos
  14 orcs
  4 giant cockroaches
  7 goblins
  10 hobgoblins
  7 jackals
  2 quokkas
  A ball python (D:1)
  7 bats
  4 frilled lizards
  10 kobolds
  2 quokka skeletons
  11 rats
237 creatures vanquished.

Vanquished Creatures (others)
  5 fungi (D:9)
  A plant (D:9)
6 creatures vanquished.

Grand Total: 243 creatures vanquished

Notes
Turn   | Place    | Note
-------+----------+-------------------------------------------
     0 | D:1      | feito the Spriggan Venom Mage began the quest for the Orb.
     0 | D:1      | Reached XP level 1. HP: 9/9 MP: 5/5
   319 | D:1      | Reached XP level 2. HP: 13/13 MP: 3/6
  1055 | D:2      | Reached XP level 3. HP: 16/16 MP: 1/8
  1060 | D:2      | Learned a level 3 spell: Mephitic Cloud
  1205 | D:2      | Reached skill level 3 in Spellcasting
  1572 | D:2      | Reached skill level 5 in Poison Magic
  1572 | D:2      | Reached XP level 4. HP: 18/21 MP: 2/9
  2522 | D:3      | Reached XP level 5. HP: 24/24 MP: 1/11
  2528 | D:3      | Learned a level 4 spell: Olgreb's Toxic Radiance
  2976 | D:3      | Noticed Terence
  2987 | D:3      | Killed Terence
  2987 | D:3      | Reached skill level 1 in Conjurations
  3044 | D:3      | Found a bloodstained altar of Trog.
  3259 | D:4      | Noticed Edmund
  3319 | D:4      | Killed Edmund
  3319 | D:4      | Reached skill level 4 in Spellcasting
  3319 | D:4      | Reached XP level 6. HP: 20/28 MP: 0/13
  4102 | D:4      | Found a snail-covered altar of Cheibriados.
  4359 | D:5      | Entered Level 5 of the Dungeon
  4642 | D:5      | Reached skill level 5 in Spellcasting
  4714 | D:5      | Reached XP level 7. HP: 14/32 MP: 2/16
  4717 | D:5      | Reached skill level 5 in Stealth
  5050 | D:5      | Reached skill level 5 in Dodging
  5883 | D:6      | Found a staircase to the Ecumenical Temple.
  5925 | D:6      | Reached skill level 6 in Spellcasting
  5929 | Temple   | Entered the Ecumenical Temple
  5938 | Temple   | Became a worshipper of Vehumet
  6101 | D:6      | Reached XP level 8. HP: 36/36 MP: 13/18
  6555 | D:6      | Learned a level 3 spell: Confuse
  7198 | D:6      | Reached skill level 7 in Spellcasting
  8378 | D:7      | Found Zofom's Distillery.
  8801 | D:7      | Found Ezatoe's General Store.
  8807 | D:7      | Found Emuudox's Assorted Antiques.
  8827 | D:7      | Reached * piety under Vehumet
  8827 | D:7      | Offered knowledge of Sandblast by Vehumet.
  8827 | D:7      | Reached XP level 9. HP: 39/39 MP: 16/21
  8840 | D:7      | Learned a level 1 spell: Sandblast
  8862 | D:7      | Reached skill level 8 in Spellcasting
 10020 | D:8      | Noticed Joseph
 10084 | D:8      | Noticed Maurice
 10384 | D:8      | Killed Maurice
 10384 | D:8      | Reached skill level 9 in Spellcasting
 10754 | D:8      | Killed Joseph
 10998 | D:9      | Noticed Erolcha
 10999 | D:9      | Noticed a six-headed hydra
 11003 | D:9      | Reached XP level 10. HP: 36/43 MP: 13/24
 11142 | D:8      | Offered knowledge of Searing Ray by Vehumet.
 11148 | D:8      | Learned a level 2 spell: Searing Ray
 11229 | D:8      | Reached ** piety under Vehumet
 11839 | D:8      | Reached skill level 10 in Spellcasting
 12052 | D:9      | Learned a level 5 spell: Venom Bolt
 12112 | D:9      | Killed Erolcha
 12586 | D:9      | Found a staircase to the Orcish Mines.
 13432 | D:9      | Reached skill level 10 in Poison Magic
 13437 | D:9      | Offered knowledge of Ignite Poison by Vehumet.
 13443 | D:9      | Learned a level 3 spell: Ignite Poison
 13675 | D:9      | Found a staircase to the Lair.
 13921 | Lair:1   | Entered Level 1 of the Lair of Beasts
 14115 | D:9      | Reached skill level 11 in Spellcasting
 14668 | Lair:1   | Found a dark tunnel.
 14685 | Volcano  | Entered a volcano
 14859 | Volcano  | Noticed a centaur warrior
 14866 | Volcano  | Reached skill level 10 in Stealth
 14866 | Volcano  | Reached XP level 11. HP: 23/47 MP: 20/27
 14871 | Volcano  | Killed a centaur warrior
 15057 | Volcano  | Noticed a hell knight
 15087 | Volcano  | Killed a hell knight
 15087 | Volcano  | Reached skill level 10 in Dodging
 15233 | Volcano  | Gained mutation: Your muscles are strong. (Str +2) [potion of mutation]
 15233 | Volcano  | Gained mutation: You have sharp toenails. [potion of mutation]
 15233 | Volcano  | Gained mutation: You tend to lose your temper in combat. [potion of mutation]
 15357 | Lair:1   | Reached *** piety under Vehumet
 15408 | Lair:1   | Slain by a spiny frog

Vault maps used:
D:1:      moated_graveyard_arrival
D:2:      serial_glass, glass_columns_a, glass_columns_a
D:3:      first_bread, trog_hazing_becter, uniq_terence
D:4:      cheibriados_altar_1, uniq_edmund
D:7:      serial_shops, shop_fountains, nicolae_shop_trees, shop_statue
D:8:      uniq_maurice, uniq_joseph
D:9:      minmay_four_partial_circles, minmay_lair_entry_grove,
          hangedman_pestilent_swarm, uniq_erolcha
Temple:   grunt_wide_crystal_templ
Lair:1:   enter_volcano_1, beast_lair_carwin_3
Volcano:  volcano_pools

Skill      XL: |  1  2  3  4  5  6  7  8  9 10 11 |
---------------+----------------------------------+-----
Spellcasting   | 3 4 5 6 7 9 11 | 11.5
Poison Magic   | 5 6 7 9 10 | 10.5
Conjurations   | 1 2 3 4 |  4.8
Dodging        | 4 5 7 8 9 10 | 10.1
Stealth        | 4 5 7 8 10 | 10.4

Action                   |  1- 3 |  4- 6 |  7- 9 | 10-12 || total
-------------------------+-------+-------+-------+-------++-------
Melee: Unarmed           |    10 |       |       |       ||    10
       Mace              |       |    51 |   195 |    62 ||   308
       Short sword       |       |     3 |       |       ||     3
       Rapier            |       |       |    53 |    60 ||   113
Throw: Throwing net      |       |       |     2 |       ||     2
 Cast: Sting             |    76 |   112 |   119 |   100 ||   407
       Mephitic Cloud    |       |     4 |    16 |    24 ||    44
       Olgreb's Toxic Ra |       |     7 |    17 |    20 ||    44
       Confuse           |       |       |    27 |     4 ||    31
       Sandblast         |       |       |     7 |       ||     7
       Searing Ray       |       |       |       |    51 ||    51
       Venom Bolt        |       |       |       |    19 ||    19
       Ignite Poison     |       |       |       |    11 ||    11
Evoke: Wand              |       |       |       |     1 ||     1
  Use: Scroll            |       |       |     6 |     2 ||     8
       Potion            |       |       |       |    16 ||    16
 Stab: Confused          |       |     1 |     9 |     3 ||    13
       Sleeping          |       |     1 |     2 |     3 ||     6
  Eat: Bread ration      |       |     1 |     1 |     1 ||     3
       Royal jelly       |       |       |       |     1 ||     1
Armor: Robe              |       |     5 |    18 |    14 ||    37
Dodge: Dodged            |    23 |    54 |   311 |   193 ||   581
